Predators vs Blues
Created - January 3, 2020 at 19:02
Goals
|
| Predators |
1 |
0 |
0 |
1 |
| Blues |
0 |
1 |
2 |
3 |
|
Shots
|
| Predators |
6 |
10 |
5 |
21 |
| Blues |
10 |
9 |
13 |
32 |
|
1st period
1. Predators , Ryan Kesler 7 (Niclas Bergfors 15, Alexander Steen 11) at 12:22
Penalties :
Mikael Granlund (Nas) for High sticking (Minor) at 18:49
2nd period
2. Blues , Dougie Hamilton 1 (Drew Shore 3) at 13:32
Penalties :
Niclas Bergfors (Nas) for Slashing (Double Minor) at 7:15
3rd period
3. Blues , Jordan Eberle 9 (Alex Pietrangelo 29, Filip Forsberg 10) at 1:26 (PP)
4. Blues , Sergei Shirokov 10 (Filip Forsberg 11, Jake Gardiner 12) at 5:10
Penalties :
Alexander Edler (Nas) for Hooking (Minor) at 0:22, Nicklas Backstrom (STL) for Slashing (Minor) at 2:42, Brendan Gallagher (Nas) for Cross-checking (Minor) at 6:59, Steve Quailer (STL) for Tripping (Minor) at 9:28
Goalie Stats
Viktor Fasth (Nas), 29 saves from 32 shots - (0.906), L, 14-6-1, 60:00 minutes
Carey Price (STL), 20 saves from 21 shots - (0.952), W, 8-13-3, 60:00 minutes
Players Stats for Predators
Player Name G A P +/- PIM S H SB GA TA FO MP PP MP PK MP
------------------------------------------------------------------------------------
Adam Burish 0 0 0 0 0 0 2 0 0 0 1/2 14:03 0:00 5:21
Alexander Edler 0 0 0 0 2 3 0 1 1 1 0/0 27:46 2:39 3:53
Alexander Ovechkin 0 0 0 0 0 1 3 1 2 0 0/1 22:01 2:15 2:55
Alexander Steen 0 1 1 0 0 1 0 0 0 0 1/3 15:12 1:43 0:31
Andy Miele 0 0 0 0 0 2 1 0 0 0 3/4 7:45 0:00 0:00
Brendan Gallagher 0 0 0 0 2 0 0 1 0 1 0/1 19:53 2:15 0:58
Byron Bitz 0 0 0 -1 0 1 0 0 1 1 0/0 11:47 0:00 2:09
Denis Grebeshkov 0 0 0 0 0 1 1 5 0 0 0/0 19:02 2:39 1:15
James Van Riemsdyk 0 0 0 -1 0 4 1 0 0 0 0/0 9:38 0:00 0:00
John Moore 0 0 0 -1 0 0 0 3 0 3 0/0 21:27 1:19 3:53
Justin Abdelkader 0 0 0 0 0 1 1 0 1 0 5/11 13:08 0:00 5:22
Mikael Granlund 0 0 0 0 2 3 2 2 0 0 10/26 20:27 2:15 0:46
Nate Schmidt 0 0 0 0 0 0 0 1 1 0 0/0 16:44 0:00 3:53
Niclas Bergfors 0 1 1 0 4 1 1 0 0 0 0/1 14:28 1:43 0:00
Nik Antropov 0 0 0 -1 0 0 1 0 0 0 2/4 9:38 0:00 0:00
Ryan Kesler 1 0 1 0 0 1 2 0 1 0 6/9 13:53 1:43 0:00
Ryan Mcdonagh 0 0 0 0 0 1 2 2 0 0 0/0 15:19 0:00 3:16
Ryan Murray 0 0 0 -1 0 1 1 3 0 1 0/0 18:44 1:19 1:52
Players Stats for Blues
Player Name G A P +/- PIM S H SB GA TA FO MP PP MP PK MP
------------------------------------------------------------------------------------
Alex Pietrangelo 0 1 1 1 0 2 1 1 1 1 0/0 25:03 4:46 2:20
David Perron 0 0 0 0 0 3 1 1 0 1 1/2 19:48 3:06 1:00
Dougie Hamilton 1 0 1 1 0 1 1 3 2 1 0/0 23:05 4:15 0:00
Drew Shore 0 1 1 0 0 1 0 0 0 0 1/3 8:33 0:32 0:43
Filip Forsberg 0 2 2 1 0 3 0 0 0 0 3/4 19:28 4:55 1:00
Ian Cole 0 0 0 -1 0 0 0 1 0 1 0/0 14:00 0:37 2:20
Jake Gardiner 0 1 1 1 0 3 4 0 1 1 0/0 23:10 4:38 1:38
Jean-Gabriel Pageau 0 0 0 1 0 1 3 0 0 0 6/12 15:27 3:32 0:00
Jordan Eberle 1 0 1 0 0 5 3 1 1 0 0/0 23:43 4:22 2:15
Linus Omark 0 0 0 0 0 0 2 0 0 0 0/0 7:05 0:00 0:00
Nicklas Backstrom 0 0 0 0 2 5 2 0 2 0 18/29 21:45 4:27 0:00
Rickard Rakell 0 0 0 0 0 0 2 0 0 0 0/0 11:54 1:06 0:00
Riley Sheahan 0 0 0 0 0 2 4 1 0 1 4/10 13:01 0:00 2:15
Sergei Shirokov 1 0 1 1 0 4 3 0 0 0 0/0 15:17 3:33 0:00
Shayne Gostisbehere 0 0 0 -1 0 1 0 0 0 0 0/0 16:26 3:46 0:00
Simon Gagné 0 0 0 0 0 0 1 0 0 1 1/1 11:44 0:24 0:43
Steve Quailer 0 0 0 0 2 0 0 0 0 0 0/1 8:15 1:06 0:00
Yann Sauvé 0 0 0 1 0 1 0 0 0 0 0/0 18:16 0:00 1:38
3 Stars
1 - Sergei Shirokov (STL)
2 - Dougie Hamilton (STL)
3 - Jordan Eberle (STL)
Power Play
Predators - 0 on 2 Attempt(s) - 0.00%
Blues - 1 on 5 Attempt(s) - 20.00%
Penalty Kill
Predators - 4 on 5 Attempt(s) - 80.00%
- Score 0 goal in Penalty Kill
Blues - 2 on 2 Attempt(s) - 100.00%
- Score 0 goal in Penalty Kill
Team Stat
Predators - Hits : 18 - Faceoff Wins : 28 - Blocked Shots : 19 - Penalty Minutes : 10
Blues - Hits : 27 - Faceoff Wins : 34 - Blocked Shots : 8 - Penalty Minutes : 4
Official
Referees : Unknown
Linesman : Unknown
Game Notes
Ryan Mcdonagh is injured at 15:18 of 2nd period (Right Foot)
Finance
Level 1 -- Attendance: 4980 (83.00%) -- Ticket Income $547,800
Level 2 -- Attendance: 4232 (84.64%) -- Ticket Income $304,704
Level 3 -- Attendance: 1665 (83.25%) -- Ticket Income $74,925
Level 4 -- Attendance: 4000 (100.00%) -- Ticket Income $120,000
Luxury Box -- Attendance: 704 (70.40%) -- Ticket Income $140,800
Game was played at the Scotttrade center.
Total Attendance: 15581 (86.56%)
Total Ticket Income: $1,188,229
Other Income: $178,234
Total Income: $1,366,463
Predators
5 vs 5 Forward
Center Left Wing Right Wing Time % Phy DF OF
1 Mikael Granlund Alexander Ovechkin Brendan Gallagher 40 1 1 3
2 Ryan Kesler Alexander Steen Niclas Bergfors 30 1 2 2
3 Nik Antropov James Van Riemsdyk Byron Bitz 16 1 2 2
4 Andy Miele Justin Abdelkader Adam Burish 14 3 0 2
5 vs 5 Defense
Defense Defense Time % Phy DF OF
1 Ryan Mcdonagh Alexander Edler 40 1 2 2
2 John Moore Ryan Murray 30 1 2 2
3 Nate Schmidt Denis Grebeshkov 20 1 2 2
4 Ryan Mcdonagh Alexander Edler 10 1 2 2
PowerPlay Forward
Center Left Wing Right Wing Time % Phy DF OF
1 Mikael Granlund Alexander Ovechkin Brendan Gallagher 60 1 1 3
2 Ryan Kesler Alexander Steen Niclas Bergfors 40 1 1 3
PowerPlay Defense
Defense Defense Time % Phy DF OF
1 Ryan Mcdonagh Alexander Edler 60 1 1 3
2 John Moore Ryan Murray 40 1 1 3
Penalty Kill 4 Players Forward
Center Wing Time % Phy DF OF
1 Justin Abdelkader Adam Burish 60 1 2 2
2 Alexander Ovechkin Byron Bitz 40 1 2 2
Penalty Kill 4 Players Defense
Defense Defense Time % Phy DF OF
1 Ryan Mcdonagh Alexander Edler 60 1 3 1
2 John Moore Nate Schmidt 40 1 3 1
Penalty Kill - 3 Players Forward
Forward Time % Phy DF OF
1 Adam Burish 60 1 3 1
2 Brendan Gallagher 40 1 3 1
Penalty Kill - 3 Players Defense
Defense Defense Time % Phy DF OF
1 Ryan Mcdonagh Alexander Edler 60 1 3 1
2 John Moore Nate Schmidt 40 1 3 1
4 vs 4 Forward
Center Wing Time % Phy DF OF
1 Mikael Granlund Alexander Ovechkin 60 1 2 2
2 Ryan Kesler Niclas Bergfors 40 1 2 2
4 vs 4 Defense
Defense Defense Time % Phy DF OF
1 Ryan Mcdonagh Alexander Edler 60 1 2 2
2 John Moore Ryan Murray 40 1 2 2
Last Minutes Offensive
Center Left Wing Right Wing Defense Defense
Mikael Granlund Alexander Ovechkin Brendan Gallagher Ryan Mcdonagh Alexander Edler
Last Minutes Defensive
Center Left Wing Right Wing Defense Defense
Andy Miele Alexander Ovechkin Brendan Gallagher Ryan Mcdonagh Alexander Edler
Goaltenders
Starting : Viktor Fasth
Backup : Anders Lindback
Extra Forwards
Normal : Alexander Steen, Justin Abdelkader, Adam Burish - PP : James Van Riemsdyk, Justin Abdelkader - PK : Brendan Gallagher
Extra Defensemen
Normal : Denis Grebeshkov, Nate Schmidt, John Moore - PP : Denis Grebeshkov - PK : Ryan Murray, Denis Grebeshkov
Penalty Shots
Alexander Ovechkin, Niclas Bergfors, James Van Riemsdyk, Mikael Granlund, Alexander Steen
Scratches
Dmitri Kalinin (Healthy)
Blues
5 vs 5 Forward
Center Left Wing Right Wing Time % Phy DF OF
1 Nicklas Backstrom David Perron Jordan Eberle 40 1 2 2
2 Jean-Gabriel Pageau Filip Forsberg Sergei Shirokov 30 1 2 2
3 Riley Sheahan Simon Gagné Rickard Rakell 20 1 2 2
4 Drew Shore Linus Omark Steve Quailer 10 1 2 2
5 vs 5 Defense
Defense Defense Time % Phy DF OF
1 Alex Pietrangelo Dougie Hamilton 40 1 2 2
2 Yann Sauvé Jake Gardiner 30 1 2 2
3 Ian Cole Shayne Gostisbehere 20 1 2 2
4 Yann Sauvé Jake Gardiner 10 1 2 2
PowerPlay Forward
Center Left Wing Right Wing Time % Phy DF OF
1 Nicklas Backstrom Filip Forsberg Jordan Eberle 60 1 2 2
2 Jean-Gabriel Pageau David Perron Sergei Shirokov 40 1 2 2
PowerPlay Defense
Defense Defense Time % Phy DF OF
1 Alex Pietrangelo Jake Gardiner 60 1 2 2
2 Shayne Gostisbehere Dougie Hamilton 40 1 2 2
Penalty Kill 4 Players Forward
Center Wing Time % Phy DF OF
1 Riley Sheahan Jordan Eberle 60 1 2 2
2 Drew Shore Simon Gagné 40 1 2 2
Penalty Kill 4 Players Defense
Defense Defense Time % Phy DF OF
1 Alex Pietrangelo Ian Cole 60 1 2 2
2 Jake Gardiner Yann Sauvé 40 1 2 2
Penalty Kill - 3 Players Forward
Forward Time % Phy DF OF
1 Riley Sheahan 60 1 2 2
2 Jordan Eberle 40 1 2 2
Penalty Kill - 3 Players Defense
Defense Defense Time % Phy DF OF
1 Alex Pietrangelo Ian Cole 60 1 2 2
2 Jake Gardiner Yann Sauvé 40 1 2 2
4 vs 4 Forward
Center Wing Time % Phy DF OF
1 Nicklas Backstrom David Perron 60 1 2 2
2 Jean-Gabriel Pageau Jordan Eberle 40 1 2 2
4 vs 4 Defense
Defense Defense Time % Phy DF OF
1 Alex Pietrangelo Dougie Hamilton 60 1 2 2
2 Jake Gardiner Shayne Gostisbehere 40 1 2 2
Last Minutes Offensive
Center Left Wing Right Wing Defense Defense
Nicklas Backstrom David Perron Jordan Eberle Alex Pietrangelo Jake Gardiner
Last Minutes Defensive
Center Left Wing Right Wing Defense Defense
Riley Sheahan Linus Omark Jordan Eberle Yann Sauvé Ian Cole
Goaltenders
Starting : Carey Price
Backup : Pascal Leclaire
Extra Forwards
Normal : Jean-Gabriel Pageau, Riley Sheahan, Jordan Eberle - PP : Steve Quailer, Nicklas Backstrom - PK : Filip Forsberg
Extra Defensemen
Normal : Shayne Gostisbehere, Ian Cole, Jake Gardiner - PP : Shayne Gostisbehere - PK : Shayne Gostisbehere, Jake Gardiner
Penalty Shots
David Perron, Jordan Eberle, Nicklas Backstrom, Filip Forsberg, Linus Omark
Scratches
D.J King (Healthy), Cody Ceci (Healthy)
% Time on Ice - Predators
Lines # - Real PCT - Wanted PCT - Time Play
Normal Forward
1 - 37% - 40% - 17:28
2 - 26% - 30% - 12:10
3 - 20% - 16% - 9:38
4 - 16% - 14% - 7:45
Normal Defense
1 - 43% - 40% - 20:26
2 - 31% - 30% - 14:41
3 - 19% - 20% - 8:48
4 - 7% - 10% - 3:06
PP Forward
1 - 57% - 60% - 2:15
2 - 43% - 40% - 1:43
PP Defense
1 - 68% - 60% - 2:42
2 - 32% - 40% - 1:16
PK Forward
1 - 76% - 60% - 6:52
2 - 24% - 40% - 2:09
PK Defense
1 - 57% - 60% - 5:08
2 - 43% - 40% - 3:53
PK3 Forward
1 - 0% - 60%
2 - 0% - 40%
PK3 Defense
1 - 0% - 60%
2 - 0% - 40%
44 Forward
1 - 0% - 60%
2 - 0% - 40%
44 Defense
1 - 0% - 60%
2 - 0% - 40%
Last Minute Offensive - 0:00
Last Minute Defensive - 0:00
Total
Forward - 60:00
Defense - 60:00
|
% Time on Ice - Blues
Lines # - Real PCT - Wanted PCT - Time Play
Normal Forward
1 - 37% - 40% - 17:35
2 - 25% - 30% - 11:57
3 - 22% - 20% - 10:24
4 - 15% - 10% - 7:05
Normal Defense
1 - 38% - 40% - 17:56
2 - 33% - 30% - 15:17
3 - 22% - 20% - 10:25
4 - 7% - 10% - 3:23
PP Forward
1 - 61% - 60% - 5:28
2 - 39% - 40% - 3:33
PP Defense
1 - 58% - 60% - 5:15
2 - 42% - 40% - 3:46
PK Forward
1 - 82% - 60% - 3:15
2 - 18% - 40% - 0:43
PK Defense
1 - 59% - 60% - 2:20
2 - 41% - 40% - 1:38
PK3 Forward
1 - 0% - 60%
2 - 0% - 40%
PK3 Defense
1 - 0% - 60%
2 - 0% - 40%
44 Forward
1 - 0% - 60%
2 - 0% - 40%
44 Defense
1 - 0% - 60%
2 - 0% - 40%
Last Minute Offensive - 0:00
Last Minute Defensive - 0:00
Total
Forward - 60:00
Defense - 60:00
|
Play-by-Play
1st period
0:01 of 1st period - Nicklas Backstrom wins face-off versus Mikael Granlund in neutral zone.
0:50 of 1st period - Wrist shot by Simon Gagné.
0:50 of 1st period - Shot Blocked by John Moore.
1:34 of 1st period - Off-side.
1:35 of 1st period - Jean-Gabriel Pageau wins face-off versus Ryan Kesler in neutral zone.
1:37 of 1st period - Off-side.
1:38 of 1st period - Jean-Gabriel Pageau wins face-off versus Ryan Kesler in neutral zone.
2:06 of 1st period - Nate Schmidt is hit by Nicklas Backstrom and loses puck.
2:15 of 1st period - Wrist shot by David Perron.
2:15 of 1st period - Shot Misses the Net.
2:27 of 1st period - Slapshot by James Van Riemsdyk.
2:27 of 1st period - Stopped by Carey Price without a rebound.
2:28 of 1st period - Riley Sheahan wins face-off versus Nik Antropov in Blues zone.
5:27 of 1st period - Snap shot by Niclas Bergfors.
5:27 of 1st period - Stopped by Carey Price with a rebound.
5:46 of 1st period - Byron Bitz is hit by Linus Omark and loses puck.
6:06 of 1st period - Jordan Eberle is hit by Ryan Murray and loses puck.
6:28 of 1st period - Alexander Edler is hit by Nicklas Backstrom and loses puck.
6:49 of 1st period - Snap shot by David Perron.
6:49 of 1st period - Stopped by Viktor Fasth without a rebound.
6:50 of 1st period - Mikael Granlund wins face-off versus Filip Forsberg in Predators zone.
6:59 of 1st period - Slapshot by Mikael Granlund.
6:59 of 1st period - Stopped by Carey Price without a rebound.
7:00 of 1st period - Jean-Gabriel Pageau wins face-off versus Mikael Granlund in Blues zone.
7:00 of 1st period - Jean-Gabriel Pageau is hit by Mikael Granlund.
7:16 of 1st period - Slapshot by Filip Forsberg.
7:16 of 1st period - Stopped by Viktor Fasth with a rebound.
8:24 of 1st period - Ryan Murray is hit by Sergei Shirokov and loses puck.
8:43 of 1st period - Snap shot by Filip Forsberg.
8:43 of 1st period - Stopped by Viktor Fasth with a rebound.
9:01 of 1st period - Snap shot by Sergei Shirokov.
9:01 of 1st period - Shot Blocked by Ryan Murray.
9:17 of 1st period - Backhand shot by Mikael Granlund.
9:17 of 1st period - Deflect By Jake Gardiner.
9:17 of 1st period - Shot Misses the Net.
9:17 of 1st period - Puck is out of play.
9:18 of 1st period - Ryan Kesler wins face-off versus Nicklas Backstrom in Blues zone.
9:19 of 1st period - Snap shot by Alexander Steen.
9:19 of 1st period - Stopped by Carey Price without a rebound.
9:20 of 1st period - Nicklas Backstrom wins face-off versus Alexander Steen in Blues zone.
9:27 of 1st period - Alexander Edler is hit by Jordan Eberle and loses puck.
9:45 of 1st period - Alexander Edler is hit by Riley Sheahan and loses puck.
10:50 of 1st period - Snap shot by Alexander Edler.
10:50 of 1st period - Shot Misses the Net.
11:00 of 1st period - Nate Schmidt is hit by Riley Sheahan.
11:04 of 1st period - Nate Schmidt is hit by Riley Sheahan and loses puck.
11:47 of 1st period - Alexander Edler is hit by Alex Pietrangelo and loses puck.
11:58 of 1st period - Slapshot by Alexander Edler.
11:58 of 1st period - Shot Blocked by Dougie Hamilton.
12:10 of 1st period - Slapshot by Alex Pietrangelo.
12:10 of 1st period - Deflect By Linus Omark.
12:10 of 1st period - Shot Misses the Net.
12:10 of 1st period - Puck is out of play.
12:11 of 1st period - Ryan Kesler wins face-off versus Steve Quailer in Predators zone.
12:22 of 1st period - Snap shot by Ryan Kesler.
12:22 of 1st period - Goal by Ryan Kesler - Predators : 1 - Blues : 0.
12:23 of 1st period - Nicklas Backstrom wins face-off versus Mikael Granlund in neutral zone.
12:39 of 1st period - Wrist shot by Nicklas Backstrom.
12:39 of 1st period - Stopped by Viktor Fasth with a rebound.
12:57 of 1st period - Snap shot by Riley Sheahan.
12:57 of 1st period - Stopped by Viktor Fasth with a rebound.
13:31 of 1st period - Justin Abdelkader is hit by Linus Omark and loses puck.
13:36 of 1st period - Wrist shot by Drew Shore.
13:36 of 1st period - Shot Misses the Net.
13:38 of 1st period - Snap shot by Drew Shore.
13:38 of 1st period - Shot Misses the Net.
13:40 of 1st period - Slapshot by Yann Sauvé.
13:40 of 1st period - Shot Blocked by Alexander Edler.
13:42 of 1st period - Snap shot by Drew Shore.
13:42 of 1st period - Shot Misses the Net.
14:14 of 1st period - Riley Sheahan is hit by Ryan Mcdonagh and loses puck.
14:39 of 1st period - Wrist shot by James Van Riemsdyk.
14:39 of 1st period - Shot Misses the Net.
14:41 of 1st period - Slapshot by Alexander Edler.
14:41 of 1st period - Stopped by Carey Price without a rebound.
14:42 of 1st period - Nicklas Backstrom wins face-off versus Mikael Granlund in Blues zone.
14:42 of 1st period - Nicklas Backstrom is hit by Alexander Ovechkin.
14:56 of 1st period - Slapshot by Nicklas Backstrom.
14:56 of 1st period - Stopped by Viktor Fasth with a rebound.
15:08 of 1st period - Shayne Gostisbehere is hit by Ryan Kesler and loses puck.
15:24 of 1st period - Icing by John Moore.
15:25 of 1st period - Jean-Gabriel Pageau wins face-off versus Niclas Bergfors in Predators zone.
15:32 of 1st period - Snap shot by Nicklas Backstrom.
15:32 of 1st period - Shot Misses the Net.
15:40 of 1st period - Slapshot by Jordan Eberle.
15:40 of 1st period - Stopped by Viktor Fasth with a rebound.
15:42 of 1st period - Slapshot by Yann Sauvé.
15:42 of 1st period - Stopped by Viktor Fasth with a rebound.
15:52 of 1st period - Ryan Kesler is hit by Jean-Gabriel Pageau and loses puck.
16:45 of 1st period - Snap shot by Mikael Granlund.
16:45 of 1st period - Shot Misses the Net.
17:35 of 1st period - Backhand shot by David Perron.
17:35 of 1st period - Stopped by Viktor Fasth without a rebound.
17:36 of 1st period - Mikael Granlund wins face-off versus Jean-Gabriel Pageau in Predators zone.
17:36 of 1st period - Mikael Granlund is hit by Sergei Shirokov.
18:30 of 1st period - Slapshot by Jake Gardiner.
18:30 of 1st period - Stopped by Viktor Fasth without a rebound.
18:31 of 1st period - Mikael Granlund wins face-off versus Drew Shore in Predators zone.
18:49 of 1st period - Minor Penalty to Mikael Granlund for High sticking.
18:50 of 1st period - Nicklas Backstrom wins face-off versus Justin Abdelkader in Predators zone.
19:23 of 1st period - Off-side.
19:24 of 1st period - Adam Burish wins face-off versus Jean-Gabriel Pageau in neutral zone.
Goals for this period are 1 for Predators vs 0 for Blues.
Shots for this period are 6 for Predators vs 10 for Blues.
2nd period
0:01 of 2nd period - Filip Forsberg wins face-off versus Justin Abdelkader in neutral zone.
0:26 of 2nd period - Justin Abdelkader is hit by Sergei Shirokov and loses puck.
0:31 of 2nd period - Snap shot by David Perron.
0:31 of 2nd period - Shot Misses the Net.
0:33 of 2nd period - Slapshot by Shayne Gostisbehere.
0:33 of 2nd period - Stopped by Viktor Fasth with a rebound.
0:35 of 2nd period - Slapshot by Jean-Gabriel Pageau.
0:35 of 2nd period - Shot Misses the Net.
0:37 of 2nd period - Wrist shot by Jean-Gabriel Pageau.
0:37 of 2nd period - Stopped by Viktor Fasth without a rebound.
0:38 of 2nd period - Nicklas Backstrom wins face-off versus Justin Abdelkader in Predators zone.
0:49 of 2nd period - Penalty to Mikael Granlund is over, Mikael Granlund is back on ice.
1:07 of 2nd period - Mikael Granlund is hit by Dougie Hamilton and loses puck.
2:17 of 2nd period - Snap shot by Jordan Eberle.
2:17 of 2nd period - Shot Misses the Net.
2:30 of 2nd period - Snap shot by Jordan Eberle.
2:30 of 2nd period - Shot Blocked by Brendan Gallagher.
2:32 of 2nd period - Wrist shot by Jordan Eberle.
2:32 of 2nd period - Stopped by Viktor Fasth with a rebound.
2:50 of 2nd period - Slapshot by Jordan Eberle.
2:50 of 2nd period - Stopped by Viktor Fasth without a rebound.
2:51 of 2nd period - Alexander Steen wins face-off versus Riley Sheahan in Predators zone.
3:04 of 2nd period - Wrist shot by Riley Sheahan.
3:04 of 2nd period - Stopped by Viktor Fasth without a rebound.
3:05 of 2nd period - Ryan Kesler wins face-off versus Riley Sheahan in Predators zone.
3:05 of 2nd period - Ryan Kesler is hit by Jake Gardiner.
3:21 of 2nd period - Snap shot by Ryan Kesler.
3:21 of 2nd period - Shot Blocked by Riley Sheahan.
3:31 of 2nd period - Justin Abdelkader is hit by Jake Gardiner and loses puck.
3:57 of 2nd period - Riley Sheahan is hit by James Van Riemsdyk and loses puck.
4:27 of 2nd period - Slapshot by Denis Grebeshkov.
4:27 of 2nd period - Deflect By Alex Pietrangelo.
4:27 of 2nd period - Stopped by Carey Price with a rebound.
4:47 of 2nd period - Ian Cole is hit by Denis Grebeshkov and loses puck.
5:44 of 2nd period - Icing by Nik Antropov.
5:45 of 2nd period - Ryan Kesler wins face-off versus Drew Shore in Predators zone.
5:58 of 2nd period - Ryan Kesler is hit by Rickard Rakell and loses puck.
6:16 of 2nd period - Jordan Eberle is hit by Adam Burish.
6:20 of 2nd period - Snap shot by Andy Miele.
6:20 of 2nd period - Stopped by Carey Price with a rebound.
6:36 of 2nd period - Jordan Eberle is hit by Nik Antropov.
6:52 of 2nd period - Jordan Eberle is hit by Alexander Ovechkin and loses puck.
7:15 of 2nd period - Double Minor Penalty to Niclas Bergfors for Slashing.
7:16 of 2nd period - Jean-Gabriel Pageau wins face-off versus Justin Abdelkader in Predators zone.
7:28 of 2nd period - Wrist shot by Sergei Shirokov.
7:28 of 2nd period - Stopped by Viktor Fasth with a rebound.
8:20 of 2nd period - Slapshot by Ryan Mcdonagh.
8:20 of 2nd period - Stopped by Carey Price without a rebound.
8:21 of 2nd period - Justin Abdelkader wins face-off versus Nicklas Backstrom in Blues zone.
8:59 of 2nd period - Alexander Ovechkin is hit by Jake Gardiner and loses puck.
10:18 of 2nd period - Slapshot by Ryan Mcdonagh.
10:18 of 2nd period - Shot Blocked by David Perron.
11:15 of 2nd period - Penalty to Niclas Bergfors is over, Niclas Bergfors is back on ice.
11:15 of 2nd period - Wrist shot by Mikael Granlund.
11:15 of 2nd period - Shot Blocked by Jordan Eberle.
11:39 of 2nd period - Wrist shot by Mikael Granlund.
11:39 of 2nd period - Shot Misses the Net.
11:45 of 2nd period - Alexander Steen is hit by Rickard Rakell and loses puck.
12:04 of 2nd period - Wrist shot by Nik Antropov.
12:04 of 2nd period - Shot Misses the Net.
12:06 of 2nd period - Snap shot by James Van Riemsdyk.
12:06 of 2nd period - Stopped by Carey Price without a rebound.
12:07 of 2nd period - Nik Antropov wins face-off versus Riley Sheahan in Blues zone.
12:08 of 2nd period - Slapshot by James Van Riemsdyk.
12:08 of 2nd period - Stopped by Carey Price without a rebound.
12:09 of 2nd period - Andy Miele wins face-off versus Riley Sheahan in Blues zone.
12:20 of 2nd period - Snap shot by Riley Sheahan.
12:20 of 2nd period - Shot Blocked by Ryan Mcdonagh.
12:22 of 2nd period - Slapshot by Jake Gardiner.
12:22 of 2nd period - Stopped by Viktor Fasth without a rebound.
12:23 of 2nd period - Nicklas Backstrom wins face-off versus Mikael Granlund in Predators zone.
12:30 of 2nd period - Slapshot by Jordan Eberle.
12:30 of 2nd period - Shot Blocked by Mikael Granlund.
12:36 of 2nd period - Snap shot by Brendan Gallagher.
12:36 of 2nd period - Shot Misses the Net.
12:38 of 2nd period - Slapshot by Ryan Mcdonagh.
12:38 of 2nd period - Deflect By Brendan Gallagher.
12:38 of 2nd period - Shot Misses the Net.
12:38 of 2nd period - Puck is out of play.
12:39 of 2nd period - Ryan Kesler wins face-off versus Jean-Gabriel Pageau in Blues zone.
13:04 of 2nd period - David Perron is hit by Ryan Mcdonagh and loses puck.
13:15 of 2nd period - Slapshot by Nicklas Backstrom.
13:15 of 2nd period - Shot Blocked by Ryan Mcdonagh.
13:28 of 2nd period - Off-side.
13:29 of 2nd period - Drew Shore wins face-off versus Ryan Kesler in neutral zone.
13:32 of 2nd period - Slapshot by Dougie Hamilton.
13:32 of 2nd period - Goal by Dougie Hamilton - Predators : 1 - Blues : 1.
13:33 of 2nd period - Mikael Granlund wins face-off versus Nicklas Backstrom in neutral zone.
13:40 of 2nd period - Snap shot by Ryan Mcdonagh.
13:40 of 2nd period - Shot Blocked by Alex Pietrangelo.
13:45 of 2nd period - Off-side.
13:46 of 2nd period - Mikael Granlund wins face-off versus Nicklas Backstrom in neutral zone.
13:48 of 2nd period - Off-side.
13:49 of 2nd period - Mikael Granlund wins face-off versus David Perron in neutral zone.
13:54 of 2nd period - Slapshot by Alexander Edler.
13:54 of 2nd period - Stopped by Carey Price without a rebound.
13:55 of 2nd period - Nicklas Backstrom wins face-off versus Mikael Granlund in Blues zone.
14:10 of 2nd period - Wrist shot by Jordan Eberle.
14:10 of 2nd period - Shot Misses the Net.
14:32 of 2nd period - Slapshot by Mikael Granlund.
14:32 of 2nd period - Shot Blocked by Dougie Hamilton.
14:34 of 2nd period - Snap shot by Mikael Granlund.
14:34 of 2nd period - Deflect By David Perron.
14:34 of 2nd period - Stopped by Carey Price with a rebound.
14:36 of 2nd period - Slapshot by Alexander Edler.
14:36 of 2nd period - Deflect By David Perron.
14:36 of 2nd period - Stopped by Carey Price without a rebound.
14:37 of 2nd period - Ryan Kesler wins face-off versus Jean-Gabriel Pageau in Blues zone.
14:51 of 2nd period - Icing by Sergei Shirokov.
14:52 of 2nd period - Andy Miele wins face-off versus Jean-Gabriel Pageau in Blues zone.
15:02 of 2nd period - Ian Cole is hit by Adam Burish and loses puck.
15:17 of 2nd period - Ryan Mcdonagh is hit by Jean-Gabriel Pageau and loses puck.
15:18 of 2nd period - Ryan Mcdonagh from Predators is injured at 15:18 of 2nd period (Right Foot).
15:19 of 2nd period - Mikael Granlund wins face-off versus Nicklas Backstrom in Predators zone.
15:28 of 2nd period - Wrist shot by Nicklas Backstrom.
15:28 of 2nd period - Shot Hit the Post.
15:30 of 2nd period - Slapshot by Jordan Eberle.
15:30 of 2nd period - Deflect By Nicklas Backstrom.
15:30 of 2nd period - Shot Misses the Net.
15:30 of 2nd period - Puck is out of play.
15:31 of 2nd period - Jean-Gabriel Pageau wins face-off versus Alexander Steen in Predators zone.
15:32 of 2nd period - Slapshot by Alex Pietrangelo.
15:32 of 2nd period - Stopped by Viktor Fasth with a rebound.
17:05 of 2nd period - Alexander Steen is hit by Jean-Gabriel Pageau and loses puck.
17:28 of 2nd period - Snap shot by Mikael Granlund.
17:28 of 2nd period - Stopped by Carey Price without a rebound.
17:29 of 2nd period - Nicklas Backstrom wins face-off versus Mikael Granlund in Blues zone.
17:31 of 2nd period - Icing by Yann Sauvé.
17:32 of 2nd period - Mikael Granlund wins face-off versus Nicklas Backstrom in Blues zone.
19:01 of 2nd period - Nicklas Backstrom is hit by Mikael Granlund and loses puck.
19:10 of 2nd period - Snap shot by Alexander Ovechkin.
19:10 of 2nd period - Stopped by Carey Price with a rebound.
Goals for this period are 0 for Predators vs 1 for Blues.
Shots for this period are 10 for Predators vs 9 for Blues.
3rd period
0:01 of 3rd period - Nicklas Backstrom wins face-off versus Mikael Granlund in neutral zone.
0:22 of 3rd period - Minor Penalty to Alexander Edler for Hooking.
0:23 of 3rd period - Justin Abdelkader wins face-off versus Nicklas Backstrom in Predators zone.
0:32 of 3rd period - Slapshot by Alex Pietrangelo.
0:32 of 3rd period - Stopped by Viktor Fasth without a rebound.
0:33 of 3rd period - Justin Abdelkader wins face-off versus Nicklas Backstrom in Predators zone.
0:59 of 3rd period - Slapshot by Alex Pietrangelo.
0:59 of 3rd period - Deflect By Jordan Eberle.
0:59 of 3rd period - Stopped by Viktor Fasth without a rebound.
1:00 of 3rd period - Justin Abdelkader wins face-off versus Jean-Gabriel Pageau in Predators zone.
1:10 of 3rd period - Off-side.
1:11 of 3rd period - Nicklas Backstrom wins face-off versus Alexander Ovechkin in neutral zone.
1:18 of 3rd period - Slapshot by Alex Pietrangelo.
1:18 of 3rd period - Shot Blocked by Denis Grebeshkov.
1:20 of 3rd period - Slapshot by Alex Pietrangelo.
1:20 of 3rd period - Shot Misses the Net.
1:22 of 3rd period - Slapshot by Jordan Eberle.
1:22 of 3rd period - Deflect By Nicklas Backstrom.
1:22 of 3rd period - Shot Blocked by Ryan Murray.
1:22 of 3rd period - Puck is out of play.
1:23 of 3rd period - Filip Forsberg wins face-off versus Adam Burish in Predators zone.
1:24 of 3rd period - Wrist shot by Alex Pietrangelo.
1:24 of 3rd period - Shot Blocked by Denis Grebeshkov.
1:26 of 3rd period - Snap shot by Jordan Eberle.
1:26 of 3rd period - Goal by Jordan Eberle - Predators : 1 - Blues : 2.
1:27 of 3rd period - Nicklas Backstrom wins face-off versus Mikael Granlund in neutral zone.
1:40 of 3rd period - Snap shot by Jordan Eberle.
1:40 of 3rd period - Shot Misses the Net.
1:42 of 3rd period - Snap shot by David Perron.
1:42 of 3rd period - Shot Misses the Net.
1:44 of 3rd period - Wrist shot by David Perron.
1:44 of 3rd period - Shot Blocked by Denis Grebeshkov.
2:04 of 3rd period - Slapshot by Niclas Bergfors.
2:04 of 3rd period - Shot Misses the Net.
2:22 of 3rd period - Wrist shot by Andy Miele.
2:22 of 3rd period - Stopped by Carey Price without a rebound.
2:23 of 3rd period - Nicklas Backstrom wins face-off versus Mikael Granlund in Blues zone.
2:27 of 3rd period - Off-side.
2:28 of 3rd period - Nicklas Backstrom wins face-off versus Mikael Granlund in neutral zone.
2:42 of 3rd period - Minor Penalty to Nicklas Backstrom for Slashing.
2:43 of 3rd period - Riley Sheahan wins face-off versus Brendan Gallagher in Blues zone.
4:40 of 3rd period - Icing by Alexander Ovechkin.
4:41 of 3rd period - Simon Gagné wins face-off versus Mikael Granlund in Predators zone.
4:42 of 3rd period - Penalty to Nicklas Backstrom is over, Nicklas Backstrom is back on ice.
5:10 of 3rd period - Wrist shot by Sergei Shirokov.
5:10 of 3rd period - Goal by Sergei Shirokov - Predators : 1 - Blues : 3.
5:11 of 3rd period - Nicklas Backstrom wins face-off versus Mikael Granlund in neutral zone.
5:16 of 3rd period - Snap shot by David Perron.
5:16 of 3rd period - Shot Misses the Net.
5:26 of 3rd period - Wrist shot by Nicklas Backstrom.
5:26 of 3rd period - Shot Misses the Net.
5:28 of 3rd period - Wrist shot by David Perron.
5:28 of 3rd period - Shot Blocked by Denis Grebeshkov.
6:05 of 3rd period - Snap shot by James Van Riemsdyk.
6:05 of 3rd period - Stopped by Carey Price with a rebound.
6:11 of 3rd period - Nik Antropov is hit by Simon Gagné and loses puck.
6:26 of 3rd period - Ian Cole is hit by Justin Abdelkader and loses puck.
6:51 of 3rd period - Snap shot by David Perron.
6:51 of 3rd period - Stopped by Viktor Fasth with a rebound.
6:59 of 3rd period - Minor Penalty to Brendan Gallagher for Cross-checking.
7:00 of 3rd period - Justin Abdelkader wins face-off versus Nicklas Backstrom in Predators zone.
7:11 of 3rd period - Wrist shot by Alex Pietrangelo.
7:11 of 3rd period - Deflect By Filip Forsberg.
7:11 of 3rd period - Stopped by Viktor Fasth without a rebound.
7:12 of 3rd period - Nicklas Backstrom wins face-off versus Justin Abdelkader in Predators zone.
7:17 of 3rd period - Wrist shot by Jordan Eberle.
7:17 of 3rd period - Shot Blocked by John Moore.
7:19 of 3rd period - Snap shot by Jake Gardiner.
7:19 of 3rd period - Stopped by Viktor Fasth without a rebound.
7:20 of 3rd period - Filip Forsberg wins face-off versus Justin Abdelkader in Predators zone.
8:59 of 3rd period - Penalty to Brendan Gallagher is over, Brendan Gallagher is back on ice.
9:08 of 3rd period - Alex Pietrangelo is hit by Niclas Bergfors.
9:28 of 3rd period - Minor Penalty to Steve Quailer for Tripping.
9:29 of 3rd period - Mikael Granlund wins face-off versus Riley Sheahan in Blues zone.
9:42 of 3rd period - Slapshot by Mikael Granlund.
9:42 of 3rd period - Deflect By Alexander Ovechkin.
9:42 of 3rd period - Shot Blocked by Ian Cole.
9:42 of 3rd period - Puck is out of play.
9:43 of 3rd period - Riley Sheahan wins face-off versus Mikael Granlund in Blues zone.
10:23 of 3rd period - Wrist shot by Niclas Bergfors.
10:23 of 3rd period - Shot Misses the Net.
11:28 of 3rd period - Penalty to Steve Quailer is over, Steve Quailer is back on ice.
11:45 of 3rd period - Snap shot by Drew Shore.
11:45 of 3rd period - Stopped by Viktor Fasth with a rebound.
12:22 of 3rd period - Ryan Kesler is hit by Riley Sheahan and loses puck.
12:41 of 3rd period - Snap shot by Nicklas Backstrom.
12:41 of 3rd period - Stopped by Viktor Fasth without a rebound.
12:42 of 3rd period - David Perron wins face-off versus Nik Antropov in Predators zone.
12:46 of 3rd period - Icing by Nik Antropov.
12:47 of 3rd period - Nik Antropov wins face-off versus Nicklas Backstrom in Predators zone.
12:47 of 3rd period - Nik Antropov is hit by Jake Gardiner.
12:54 of 3rd period - Alexander Edler is hit by David Perron and loses puck.
13:17 of 3rd period - Snap shot by Riley Sheahan.
13:17 of 3rd period - Shot Blocked by Nate Schmidt.
13:40 of 3rd period - Snap shot by Nik Antropov.
13:40 of 3rd period - Shot Hit the Post.
13:42 of 3rd period - Snap shot by Byron Bitz.
13:42 of 3rd period - Stopped by Carey Price without a rebound.
13:43 of 3rd period - Nicklas Backstrom wins face-off versus Mikael Granlund in Blues zone.
13:48 of 3rd period - Wrist shot by Jordan Eberle.
13:48 of 3rd period - Shot Blocked by John Moore.
13:50 of 3rd period - Wrist shot by Nicklas Backstrom.
13:50 of 3rd period - Stopped by Viktor Fasth with a rebound.
13:52 of 3rd period - Slapshot by Dougie Hamilton.
13:52 of 3rd period - Shot Blocked by Ryan Murray.
13:54 of 3rd period - Snap shot by David Perron.
13:54 of 3rd period - Shot Blocked by Mikael Granlund.
13:56 of 3rd period - Wrist shot by Nicklas Backstrom.
13:56 of 3rd period - Stopped by Viktor Fasth with a rebound.
14:12 of 3rd period - Alex Pietrangelo is hit by Ryan Kesler and loses puck.
14:21 of 3rd period - Slapshot by Alexander Steen.
14:21 of 3rd period - Shot Misses the Net.
14:42 of 3rd period - Drew Shore is hit by Andy Miele and loses puck.
15:50 of 3rd period - Slapshot by Sergei Shirokov.
15:50 of 3rd period - Stopped by Viktor Fasth without a rebound.
15:51 of 3rd period - Nicklas Backstrom wins face-off versus Andy Miele in Predators zone.
15:54 of 3rd period - Snap shot by Nicklas Backstrom.
15:54 of 3rd period - Deflect By Adam Burish.
15:54 of 3rd period - Shot Misses the Net.
15:54 of 3rd period - Puck is out of play.
15:55 of 3rd period - Andy Miele wins face-off versus Nicklas Backstrom in Predators zone.
16:04 of 3rd period - Snap shot by Justin Abdelkader.
16:04 of 3rd period - Stopped by Carey Price without a rebound.
16:05 of 3rd period - Mikael Granlund wins face-off versus Riley Sheahan in Blues zone.
16:06 of 3rd period - Snap shot by Brendan Gallagher.
16:06 of 3rd period - Shot Blocked by Dougie Hamilton.
16:08 of 3rd period - Snap shot by Ryan Murray.
16:08 of 3rd period - Stopped by Carey Price without a rebound.
16:09 of 3rd period - Riley Sheahan wins face-off versus Mikael Granlund in Blues zone.
16:18 of 3rd period - Slapshot by Alex Pietrangelo.
16:18 of 3rd period - Shot Blocked by Alexander Ovechkin.
17:08 of 3rd period - Snap shot by Sergei Shirokov.
17:08 of 3rd period - Stopped by Viktor Fasth with a rebound.
18:41 of 3rd period - Alexander Steen is hit by Jordan Eberle and loses puck.
19:16 of 3rd period - Nate Schmidt is hit by Jordan Eberle and loses puck.
19:29 of 3rd period - Jordan Eberle is hit by Alexander Ovechkin and loses puck.
19:54 of 3rd period - Backhand shot by Shayne Gostisbehere.
19:54 of 3rd period - Shot Blocked by Denis Grebeshkov.
Goals for this period are 0 for Predators vs 2 for Blues.
Shots for this period are 5 for Predators vs 13 for Blues.
Back to the Top